 Dungeon Crawl Stone Soup version 0.23-a0-641-g0a7f1ce553 (webtiles) character file.

193 HereIgoKillingAgain the Sneak (level 5, -2/24 HPs)
             Began as a Spriggan Enchanter on Dec 30, 2018.
             Killed by divine providence
             ... invoked by an orc priest
              (13 damage)
             ... on level 4 of the Dungeon.
             The game lasted 00:04:46 (4271 turns).

HereIgoKillingAgain the Sneak (Spriggan Enchanter)  Turns: 4271, Time: 00:04:47

Health: -2/24      AC:  3    Str:  5    XL:     5   Next: 44%
Magic:  0/11       EV: 18    Int: 17    God:
Gold:   105        SH:  0    Dex: 16    Spells: 5/11 levels left

rFire    . . .     SeeInvis +   a - +2 dagger
rCold    . . .     Gourm    .   (shield restricted)
rNeg     . . .     Faith    .   b - +1 robe
rPois    +         Spirit   .   (helmet restricted)
rElec    .         Reflect  .   (no cloak)
rCorr    .         Harm     .   (gloves unavailable)
MR       .....                  (boots unavailable)
Stlth    +++.......             l - amulet of rage
HPRegen  0.08/turn              k - ring of poison resistance
MPRegen  0.12/turn              (no ring)

@: very slightly contaminated, very quick
A: very small, unfitting armour, see invisible, herbivore, speed 3, slow
metabolism 2
a: Evoke Berserk Rage


You were on level 4 of the Dungeon.
You were very hungry.

You visited 1 branch of the dungeon, and saw 4 of its levels.

You collected 105 gold pieces.

Inventory:

Hand Weapons
 a - a +2 dagger (weapon)
Missiles
 o - a throwing net (quivered)
Armour
 b - a +1 robe (worn)
 m - a +0 cloak
Jewellery
 k - a ring of poison resistance (left hand)
 l - an amulet of rage (around neck)
Scrolls
 f - 3 scrolls of remove curse {unknown}
 i - 2 scrolls of amnesia {unknown}
 n - a scroll of teleportation {unknown}
 q - a scroll of enchant armour
 t - a scroll of magic mapping
 u - a scroll of blinking {unknown}
Potions
 c - a potion of magic {unknown}
 e - a potion of cancellation
 g - a potion of ambrosia {unknown}
 h - 2 potions of heal wounds
 j - a potion of degeneration
 p - a potion of curing
 r - a potion of mutation {unknown}
 s - 2 potions of agility {unknown}
Comestibles
 d - 10 rations


   Skills:
 - Level 1.1 Short Blades
 - Level 3.0 Dodging
 + Level 5.9 Stealth
 + Level 3.9 Spellcasting
 * Level 5.6 Hexes
 + Level 2.2 Evocations


You had 5 spell levels left.
You knew the following spells:

 Your Spells              Type           Power        Failure   Level  Hunger
a - Ensorcelled Hibernat  Hex/Ice        ##....       8%          2    ##.....
b - Confuse               Hex            ###.....     4%          3    ###....
c - Corona                Hex            ###....      1%          1    None

Your spell library contained the following spells:

 Spells                   Type           Power        Failure   Level  Hunger
 Tukima's Dance           Hex            ###.....     4%          3    ###....
 Dazzling Spray           Conj/Hex       ##....       14%         3    ###....


Dungeon Overview and Level Annotations

Branches:
Dungeon (4/15)
 Temple: D:4-7

Altars:
Fedhas
Kikubaaqudgha
Okawaru
Uskayaw
Wu Jian

Annotations:
D:4 Ijyb


Innate Abilities, Weirdness & Mutations

You are very small and have problems with some larger weapons.
You are too small for most types of armour.
You have supernaturally acute eyesight. (SInv)
You are a herbivore.
You cover ground extremely quickly.
You need to consume almost no food.


Message History

Casting: Ensorcelled Hibernation (safe; 8% risk of failure)
Confirm with . or Enter, or press ? or * to list all spells.
Aiming: Ensorcelled Hibernation (safe; 8% risk of failure)
Press: ? - help, Shift-Dir - straight line, f/p - orc
Aim: an orc, wielding a +0 dagger and wearing a +0 leather armour (chance to You miscast Ensorcelled Hibernation.
You are very lightly contaminated with residual magic.
You shiver with cold.
A hound comes into view.
The orc priest looks braver for a moment.
Casting: Ensorcelled Hibernation (safe; 8% risk of failure)
Confirm with . or Enter, or press ? or * to list all spells.
Aiming: Ensorcelled Hibernation (safe; 8% risk of failure)
Press: ? - help, Shift-Dir - straight line, f/p - orc
Aim: an orc, wielding a +0 dagger and wearing a +0 leather armour (chance to The orc looks drowsy...
The orc priest mumbles some strange prayers to Beogh against you.
Beogh smites you!
Ouch! That really hurt!
You die...

#.....#..####.#
#.....#.......#
#######.......#
##.###### #.#
#.# #.# #####.#
#oo@..#
....h.og#####
#####.### #. .
##


You could see Ijyb, a hound, 2 orc priests and an orc (sleeping).

Vanquished Creatures
  2 orc priests
  An orc wizard (D:3)
  3 adders
  An ooze (D:3)
  2 worms (D:2)
  2 dart slugs
  A leopard gecko (D:2)
  4 orcs
  A ball python (D:3)
  8 bats
  3 giant cockroaches
  5 hobgoblins
  6 jackals (D:3)
  A quokka (D:3)
  8 frilled lizards
  6 goblins
  10 kobolds
  6 rats
70 creatures vanquished.

Notes
Turn   | Place    | Note
-------+----------+-------------------------------------------
     0 | D:1      | HereIgoKillingAgain the Spriggan Enchanter began the quest
                  | for the Orb.
     0 | D:1      | Reached XP level 1. HP: 9/9 MP: 5/5
   633 | D:1      | Reached XP level 2. HP: 13/13 MP: 6/6
  1638 | D:1      | Reached skill level 5 in Stealth
  1638 | D:1      | Reached XP level 3. HP: 14/16 MP: 6/8
  1694 | D:2      | Found an iron altar of Okawaru.
  1741 | D:2      | Learned a level 3 spell: Confuse
  1744 | D:2      | Learned a level 2 spell: Ensorcelled Hibernation
  2358 | D:2      | Found an ancient bone altar of Kikubaaqudgha.
  2709 | D:3      | Found a hide-covered altar of Uskayaw.
  2778 | D:3      | Reached skill level 5 in Hexes
  2778 | D:3      | Reached skill level 1 in Evocations
  2778 | D:3      | Reached XP level 4. HP: 21/21 MP: 6/10
  3269 | D:3      | Reached XP level 5. HP: 15/24 MP: 8/11
  3849 | D:3      | Found a blossoming altar of Fedhas.
  3854 | D:3      | Found an ornate altar of the Wu Jian Council.
  4263 | D:4      | Noticed Ijyb
  4271 | D:4      | Killed from afar by an orc priest

Vault maps used:
D:1:      psy_arrival_whirlpool, minmay_hedge_maze, serial_bayou_lake_a
D:2:      kiku_gazebo_pond_becter, lemuel_round_altar
D:3:      lemuel_round_altar, minitemple, first_ration, kennysheep_donut
D:4:      nicolae_qazlal_eye_of_the_storm, uniq_duvessa, uniq_ijyb

Skill      XL: |  1  2  3  4  5 |
---------------+----------------+-----
Hexes          | 4 5 |  5.6
Spellcasting   | 3 |  3.9
Stealth        | 5 |  5.9
Evocations     | 1 2 |  2.2
Short Blades   | |  1.1
Dodging        | |  3.0

Action                   |  1- 3 |  4- 6 || total
-------------------------+-------+-------++-------
Melee: Dagger            |   140 |    66 ||   206
 Cast: Corona            |     1 |       ||     1
       Ensorcelled Hiber |    18 |    34 ||    52
  Use: Potion            |     1 |     1 ||     2
       Scroll            |     6 |       ||     6
 Stab: Sleeping          |    19 |    20 ||    39
       Distracted        |     1 |       ||     1
  Eat: Ration            |       |     1 ||     1
Armor: Robe              |    11 |     9 ||    20
Dodge: Dodged            |   115 |    50 ||   165

Table legend:
 A = Non-vault XP
 B = Vault XP
 C = Vault XP percentage of total XP
 D = Non-vault monster count
 E = Vault monster count
 F = Vault count percentage of total count
                 A         B        C        D         E       F
            +---------+---------+-------+---------+---------+-------
      Total |     277 |       0 |   0.0 |      70 |       0 |   0.0
            +---------+---------+-------+---------+---------+-------
        D:1 |      45 |       0 |   0.0 |      24 |       0 |   0.0
        D:2 |      34 |       0 |   0.0 |      16 |       0 |   0.0
        D:3 |     154 |       0 |   0.0 |      28 |       0 |   0.0
        D:4 |      44 |       0 |   0.0 |       2 |       0 |   0.0
            +---------+---------+-------+---------+---------+-------
